[Event "Titled Tuesday Blitz January 03 Late 2023"]
[White "Eisa Mohmood, Alkhoori"]
[Black "Pace, Christopher"]
[WhiteFideId "9316116"]
[BlackFideId "2610167"]
[WhiteElo "1095"]
[BlackElo "2053"]
[Result "0-1"]
[Round "10"]
[TimeControl "180+2"]
[Date "2023.01.03"]
[WhiteClock "0:00:13"]
[BlackClock "0:00:20"]

1. e4 e5 2. Nf3 Nc6 3. d4 exd4 4. Bc4 Nf6 5. e5 d5 6. Bb5 Ne4 7. Nxd4 Bd7 8. Bxc6 bxc6 9. O-O Bc5 10. Be3 Bb6 11. f3 Ng5 12. f4 Ne4 13. f5 c5 14. e6 cxd4 15. exd7+ Qxd7 16. Bxd4 O-O 17. Nc3 Nxc3 18. bxc3 Rfe8 19. f6 g6 20. Qd2 Qd6 21. Qh6 Qf8 22. Qg5 c5 23. Be3 Rxe3 24. Qxd5 Rd8 25. Qc4 Qe8 26. a4 Re4 27. Qb3 c4+ 0-1


[Site "https://www.chess.com"]

[Event "Titled Tuesday Blitz January 03 Late 2023"]
[White "Curtis, John"]
[Black "Liu, Casper"]
[WhiteFideId "3200256"]
[BlackFideId "1454153"]
[WhiteElo "2292"]
[BlackElo "2278"]
[Result "0-1"]
[Round "10"]
[TimeControl "180+2"]
[Date "2023.01.03"]
[WhiteClock "0:00:12"]
[BlackClock "0:00:05"]

1. e4 g5 2. Nf3 g4 3. Nd4 Nc6 4. Nb3 Nf6 5. Nc3 d5 6. exd5 Nxd5 7. Nxd5 Qxd5 8. c4 Qe5+ 9. Qe2 Qh5 10. d4 Bg7 11. Be3 Bf5 12. f3 Nb4 13. Rd1 Nc2+ 14. Kf2 gxf3 15. Qxf3 Bg4 16. Qxb7 O-O 17. Rd3 Qf5+ 18. Kg1 Rab8 19. Qxc7 Rxb3 20. axb3 Nxe3 21. Rxe3 Bxd4 22. Qg3 Kh8 23. h3 Bh5 24. Kh2 Rg8 25. Rf3 Qc5 26. Qxg8+ Kxg8 27. Rg3+ Kh8 28. Bd3 Be5 29. Rf1 Qe3 30. Rf3 Bxf3 31. Bf5 Qf2 32. Kh1 Bxg3 33. gxf3 Qf1# 0-1


[Site "https://www.chess.com"]

[Event "Titled Tuesday Blitz January 03 Late 2023"]
[White "Mazurkiewicz, Michal"]
[Black "Sloan, Julia Elizabeth"]
[WhiteFideId "1124943"]
[BlackFideId "2018950"]
[WhiteElo "2145"]
[BlackElo "2087"]
[Result "1-0"]
[Round "10"]
[TimeControl "180+2"]
[Date "2023.01.03"]
[WhiteClock "0:02:02"]
[BlackClock "0:02:13"]

1. e4 c5 2. Nf3 d6 3. g3 c4 4. Bxc4 a6 5. O-O e6 6. Re1 b5 7. Bf1 Bb7 8. d4 d5 9. e5 Nc6 10. c3 h5 11. h4 Nh6 12. a3 Nf5 13. Bh3 g6 14. Bg5 Qb6 15. Bf6 Bg7 16. Bxf5 Bxf6 17. Bxe6 fxe6 18. exf6 O-O 19. Rxe6 Bc8 20. f7+ Rxf7 21. Rxg6+ Kh7 22. Rxc6 Qxc6 23. Ng5+ Kg6 24. Nxf7 Kxf7 25. Qxh5+ Kg7 26. Nd2 Bb7 27. Nf3 Qf6 28. Ng5 Qg6 29. Qxg6+ Kxg6 30. Re1 1-0


[Site "https://www.chess.com"]

[Event "Titled Tuesday Blitz January 03 Late 2023"]
[White "Savic, Miroslav"]
[Black "Liu, Kelsey"]
[WhiteFideId "14508494"]
[BlackFideId "30944481"]
[WhiteElo "2167"]
[BlackElo "2065"]
[Result "0-1"]
[Round "10"]
[TimeControl "180+2"]
[Date "2023.01.03"]
[WhiteClock "0:00:02"]
[BlackClock "0:00:39"]

1. Nf3 d5 2. c4 Nf6 3. cxd5 Nxd5 4. e4 Nb6 5. a4 a5 6. d4 Bg4 7. Bb5+ c6 8. Be2 N8d7 9. Nc3 e6 10. O-O Bd6 11. h3 Bh5 12. e5 Bc7 13. Nd2 Bg6 14. Nde4 Nd5 15. Bf3 O-O 16. g3 Nb4 17. Bg2 c5 18. Be3 cxd4 19. Bxd4 Bxe5 20. Bxe5 Nxe5 21. Nd6 Bd3 22. Nxb7 Qc7 23. Re1 Nc2 24. f4 Nxa1 25. fxe5 Ba6 26. Nd6 Qc5+ 27. Kh2 f6 28. Qxa1 fxe5 29. Nce4 Qb4 30. Qb1 Rad8 31. Rd1 Be2 32. Ng5 g6 33. Nxe6 Bxd1 34. Nxd8 Qxd6 35. Nb7 Qd2 0-1


[Site "https://www.chess.com"]

[Event "Titled Tuesday Blitz January 03 Late 2023"]
[White "Oliveira, Tiago Batista"]
[Black "Smith, Garrett L"]
[WhiteFideId "2108291"]
[BlackFideId "2024829"]
[WhiteElo "1991"]
[BlackElo "2047"]
[Result "0-1"]
[Round "10"]
[TimeControl "180+2"]
[Date "2023.01.03"]
[WhiteClock "0:00:12"]
[BlackClock "0:00:32"]

1. d4 Nf6 2. c4 g6 3. Nc3 d5 4. cxd5 Nxd5 5. e4 Nxc3 6. bxc3 Bg7 7. Be3 c5 8. Qd2 Qa5 9. Rc1 cxd4 10. cxd4 Qxd2+ 11. Kxd2 O-O 12. Bb5 Nc6 13. Bxc6 bxc6 14. Ne2 Rb8 15. Rc2 Rd8 16. Rhc1 e5 17. Rxc6 Bb7 18. Rc7 Bxe4 19. Rxa7 exd4 20. Bf4 Rb2+ 21. Ke1 d3 22. Ng3 Bd5 23. Bd2 Re8+ 24. Kd1 Bxg2 25. Rcc7 Bf3+ 26. Kc1 Reb8 27. Bc3 Rc2# 0-1


[Site "https://www.chess.com"]

[Event "Titled Tuesday Blitz January 03 Late 2023"]
[White "Simonovic, Miroslav"]
[Black "Lutz, Igor Oscar"]
[WhiteFideId "919152"]
[BlackFideId "2110806"]
[WhiteElo "2082"]
[BlackElo "1969"]
[Result "1-0"]
[Round "10"]
[TimeControl "180+2"]
[Date "2023.01.03"]
[WhiteClock "0:00:08"]
[BlackClock "0:00:06"]

1. d4 d5 2. Bg5 c5 3. c3 Nc6 4. e3 Qb6 5. Qc2 Bf5 6. Qxf5 Qxb2 7. Qxd5 Qc1+ 8. Ke2 Qb2+ 9. Kf3 Qxa1 10. Qb3 O-O-O 11. Bb5 f6 12. Bxc6 bxc6 13. Bf4 e5 14. dxe5 fxe5 15. Qe6+ Kb7 16. Qxe5 Bd6 17. Qxg7+ Ne7 18. Bxd6 Rxd6 19. Qxe7+ Kb6 20. Qxd6 Qxb1 21. Qe5 Rf8+ 22. Kg3 Qg6+ 23. Kh3 Rg8 24. g3 Qg4+ 25. Kg2 Qd1 26. Nf3 Qd7 27. Rb1+ Ka6 28. Qxc5 Qd5 29. Qa3+ Qa5 30. Qxa5+ Kxa5 31. Nd4 Ka6 32. Nxc6 Rc8 33. Nd4 Ka5 34. Rb3 Rxc3 35. Rxc3 1-0


[Site "https://www.chess.com"]

[Event "Titled Tuesday Blitz January 03 Late 2023"]
[White "Guevara Sanchez, Erick Marvin"]
[Black "Schill, William"]
[WhiteFideId "6700136"]
[BlackFideId "2016710"]
[WhiteElo "2073"]
[BlackElo "2147"]
[Result "0-1"]
[Round "10"]
[TimeControl "180+2"]
[Date "2023.01.03"]
[WhiteClock "0:00:06"]
[BlackClock "0:00:43"]

1. e4 c5 2. d4 cxd4 3. c3 dxc3 4. Nxc3 d6 5. Bc4 e6 6. Nf3 Be7 7. O-O Nf6 8. Qe2 a6 9. Rd1 b5 10. Bb3 Nbd7 11. e5 dxe5 12. Nxe5 Qb6 13. Be3 Qb7 14. Bf4 Nxe5 15. Bxe5 Bd7 16. Bxf6 Bxf6 17. Nd5 Bd8 18. Rd3 O-O 19. Nf4 Bc6 20. Rh3 Bg5 21. Qh5 h6 22. Qg4 Bxf4 23. Qxf4 Bd5 24. Bc2 Rac8 25. Rg3 Rxc2 26. Qg4 f5 27. Qg6 Rfc8 28. Qxh6 Qc7 29. h3 Qxg3 30. fxg3 gxh6 31. Rd1 Rc1 32. Rxc1 Rxc1+ 33. Kf2 Rc2+ 34. Ke3 Rxb2 35. Kf4 Rxa2 0-1


[Site "https://www.chess.com"]

[Event "Titled Tuesday Blitz January 03 Late 2023"]
[White "Cruz Gomez, Miguel Angel"]
[Black "Desideri, Ricardo Maruchi"]
[WhiteFideId "5137160"]
[BlackFideId "2110440"]
[WhiteElo "1950"]
[BlackElo "1959"]
[Result "1-0"]
[Round "10"]
[TimeControl "180+2"]
[Date "2023.01.03"]
[WhiteClock "0:00:43"]
[BlackClock "0:00:04"]

1. Nf3 c5 2. c4 e6 3. Nc3 Nf6 4. d4 cxd4 5. Nxd4 a6 6. g3 Qc7 7. Qd3 b6 8. Bg2 Bb7 9. e4 d6 10. O-O Nbd7 11. b3 b5 12. cxb5 Ne5 13. Qe3 Nfg4 14. Qd2 axb5 15. Ndxb5 Qb6 16. Ba3 Rd8 17. h3 Nf6 18. Bb4 Nxe4 19. Nxe4 Bxe4 20. Bxe4 Qxb5 21. a4 Qb6 22. Ba5 Qb8 23. Bxd8 Qxd8 24. a5 Be7 25. a6 d5 26. Bg2 Qa8 27. a7 Bc5 28. Ra5 Bxa7 29. Rfa1 Nc6 30. Ra6 O-O 31. R1a4 Qb7 32. Qc3 Rc8 33. Bf3 Bb6 34. Qa1 Nd4 35. Bd1 e5 36. Ra8 g6 37. Rxc8+ Qxc8 38. Ra8 1-0


[Site "https://www.chess.com"]

[Event "Titled Tuesday Blitz January 03 Late 2023"]
[White "Saim, Mohamed Ilias"]
[Black "Sailer, Mike"]
[WhiteFideId "7900465"]
[BlackFideId "2012901"]
[WhiteElo "2169"]
[BlackElo "2109"]
[Result "0-1"]
[Round "10"]
[TimeControl "180+2"]
[Date "2023.01.03"]
[WhiteClock "0:01:28"]
[BlackClock "0:01:52"]

1. d4 d5 2. Nf3 Bf5 3. c4 e6 4. Nc3 Nc6 5. cxd5 exd5 6. e3 Nb4 7. Qa4+ c6 8. e4 dxe4 9. Ne5 e3 10. Bc4 exf2+ 11. Kxf2 Qxd4+ 12. Be3 Qxe5 13. Rhe1 Be7 14. Bxa7 Qf4+ 15. Kg1 Qxc4 0-1


[Site "https://www.chess.com"]

[Event "Titled Tuesday Blitz January 03 Late 2023"]
[White "ajedrez-facil"]
[Black "Sabar, Ethmane Daouda"]
[BlackFideId "19600097"]
[WhiteElo "2103"]
[BlackElo "2040"]
[Result "1-0"]
[Round "10"]
[TimeControl "180+2"]
[Date "2023.01.03"]
[WhiteClock "0:01:06"]
[BlackClock "0:00:11"]

1. e4 e5 2. Nf3 Nc6 3. Bb5 f5 4. d3 fxe4 5. dxe4 Nf6 6. O-O d6 7. Nc3 Be6 8. Bg5 Be7 9. Qd2 O-O 10. Rfe1 a6 11. Ba4 h6 12. Bh4 Nh5 13. Bg3 Nf4 14. Bb3 Bxb3 15. axb3 Qe8 16. Nd5 Nxd5 17. Qxd5+ Qf7 18. Rad1 Rab8 19. Nh4 Bxh4 20. Bxh4 Nb4 21. Qxf7+ Rxf7 22. c3 Nc6 23. f3 Na5 24. b4 Nc4 25. b3 Nb6 26. Bf2 Nd7 27. Rd2 b5 28. Red1 Rff8 29. Kf1 Rb7 30. Ke2 Ra8 31. Ra2 Nb6 32. Rda1 Rba7 33. Rd2 Rb7 34. Rda2 Rba7 35. Kd3 Kf7 36. c4 bxc4+ 37. bxc4 Ke6 38. c5 dxc5 39. bxc5 Nd7 40. c6 Nb6 41. Rb1 Rb8 42. Rab2 Kd6 43. Bxb6 cxb6 44. Rxb6 Rxb6 45. Rxb6 Kc7 46. Rb1 Kxc6 47. Kc4 a5 48. Rb5 a4 49. Rxe5 a3 50. Rc5+ Kd6 51. Rd5+ Kc6 52. Rd1 a2 53. Ra1 g5 54. Kb3 Kc5 55. Rxa2 Rb7+ 56. Kc3 Rf7 57. Ra6 h5 58. Ra5+ Kd6 59. Rxg5 h4 60. Rh5 Rf4 61. Kd4 Ke6 62. Rh6+ Kf7 63. Ke5 h3 64. Rxh3 Rf6 65. Rh7+ Kg6 66. Rh6+ Kxh6 67. Kxf6 Kh7 68. Kf7 Kh6 69. e5 Kh7 70. e6 Kh6 71. e7 Kh7 72. e8=Q Kh6 73. Qe5 Kh7 74. Qg7# 1-0


[Site "https://www.chess.com"]

[Event "Titled Tuesday Blitz January 03 Late 2023"]
[White "Vargas, Mauricio"]
[Black "Kho, Darrell"]
[WhiteFideId "4404572"]
[BlackFideId "1019317"]
[WhiteElo "2035"]
[BlackElo "2075"]
[Result "0-1"]
[Round "10"]
[TimeControl "180+2"]
[Date "2023.01.03"]
[WhiteClock "0:00:13"]
[BlackClock "0:01:39"]

1. e4 e6 2. f4 d5 3. e5 c5 4. Nf3 Nc6 5. Bb5 Bd7 6. Bxc6 Bxc6 7. d3 Nh6 8. O-O Nf5 9. h3 h5 10. Qe1 Be7 11. g3 Qb6 12. Kh2 O-O-O 13. h4 Nh6 14. Kh3 Kb8 15. Bd2 Qxb2 16. Bc3 Qxc2 17. Rf2 Qxd3 18. Rd2 Qf5+ 0-1


[Site "https://www.chess.com"]

[Event "Titled Tuesday Blitz January 03 Late 2023"]
[White "Dias, Joao Batista"]
[Black "Sanchez Alvares, Kelvin Antonio"]
[WhiteFideId "2108240"]
[BlackFideId "3906680"]
[WhiteElo "1796"]
[BlackElo "2243"]
[Result "0-1"]
[Round "10"]
[TimeControl "180+2"]
[Date "2023.01.03"]
[WhiteClock "0:00:36"]
[BlackClock "0:00:35"]

1. e4 e5 2. Nf3 Nc6 3. d4 exd4 4. Nxd4 Qh4 5. Nc3 Bb4 6. Nb5 Qxe4+ 7. Be2 Bxc3+ 8. bxc3 Kd8 9. O-O a6 10. Bd3 Qd5 11. c4 Qe5 12. Na3 Nf6 13. Be3 Qa5 14. Qc1 h6 15. Rb1 Re8 16. h3 b6 17. Rb3 Qh5 18. Qd2 Bb7 19. Be2 Qg6 20. g3 Ne5 21. c5 b5 22. c4 Ne4 23. Qd4 Nxg3 24. Kh2 Nxe2 25. c6 Nf3+ 26. Kh1 Nfxd4 27. cxb7 Rb8 28. Bxd4 Nxd4 29. Rg3 Qc6+ 30. Kh2 Nf3+ 31. Kg2 Nd2+ 32. Kh2 Nxf1+ 0-1


[Site "https://www.chess.com"]

[Event "Titled Tuesday Blitz January 03 Late 2023"]
[White "Kollars, Dmitrij"]
[Black "Lenderman, Aleksandr"]
[WhiteFideId "12909572"]
[BlackFideId "2021285"]
[WhiteElo "2607"]
[BlackElo "2572"]
[Result "1-0"]
[Round "11"]
[TimeControl "180+2"]
[Date "2023.01.03"]
[WhiteClock "0:00:07"]
[BlackClock "0:00:04"]

1. e4 e6 2. d4 d5 3. Nd2 dxe4 4. Nxe4 Nd7 5. Nf3 Ngf6 6. Nxf6+ Nxf6 7. c3 Be7 8. Bd3 O-O 9. O-O b6 10. a4 a5 11. Qe2 Bb7 12. Bf4 Bd6 13. Bg5 h6 14. Bh4 c5 15. dxc5 bxc5 16. Rad1 Qc7 17. Bxf6 gxf6 18. Be4 Rfd8 19. Bxb7 Qxb7 20. Nd2 Be7 21. Nc4 Qa6 22. g3 f5 23. Rfe1 Bf6 24. Rd2 Rxd2 25. Nxd2 Qc6 26. Qc4 Rb8 27. b3 Qd5 28. Qxd5 exd5 29. Rc1 Re8 30. Kf1 Bg5 31. f4 Bf6 32. c4 d4 33. Re1 Rb8 34. Ke2 Re8+ 35. Kd1 Rd8 36. Kc2 d3+ 37. Kd1 Kf8 38. Re3 Bc3 39. Nf3 Kg7 40. Ne1 Bxe1 41. Kxe1 d2+ 42. Kd1 Kf6 43. Re5 Rd3 44. Rxc5 Rxb3 45. Rxa5 Rb2 46. Rd5 Ra2 47. a5 Ra4 48. Kxd2 Rxc4 49. Rb5 Ke6 50. Kd3 Ra4 51. Kc3 Kd6 52. Rxf5 Ra2 53. Rh5 Ke7 54. Kb4 Ra1 55. Rxh6 Rb1+ 56. Kc5 Rc1+ 57. Kb6 Rb1+ 58. Kc7 Rb2 59. a6 Rc2+ 60. Kb7 Rb2+ 61. Rb6 Rxh2 62. a7 1-0


[Site "https://www.chess.com"]

[Event "Titled Tuesday Blitz January 03 Late 2023"]
[White "Bluebaum, Matthias"]
[Black "Tang, Andrew"]
[WhiteFideId "24651516"]
[BlackFideId "2059630"]
[WhiteElo "2669"]
[BlackElo "2523"]
[Result "1-0"]
[Round "11"]
[TimeControl "180+2"]
[Date "2023.01.03"]
[WhiteClock "0:00:05"]
[BlackClock "0:00:03"]

1. d4 d5 2. c4 e6 3. Nc3 Be7 4. cxd5 exd5 5. Bf4 c6 6. e3 Bf5 7. Nge2 Nd7 8. f3 g5 9. Bg3 h5 10. e4 dxe4 11. fxe4 Bg6 12. Bf2 h4 13. Nc1 h3 14. gxh3 Ngf6 15. Bg2 Bb4 16. O-O Bxc3 17. bxc3 Nxe4 18. Re1 Qe7 19. Nb3 f5 20. Na5 Nb6 21. Qb3 Bf7 22. Qc2 Bg6 23. Qb3 O-O-O 24. Nc4 Nxc4 25. Qxc4 Qd6 26. Rab1 Rd7 27. Bxe4 fxe4 28. Bg3 Qd5 29. Qa4 b6 30. Rxb6 Kd8 31. Rb8+ Ke7 32. Qb4+ Kf7 33. Rxh8 Kg7 34. Qf8# 1-0


[Site "https://www.chess.com"]

[Event "Titled Tuesday Blitz January 03 Late 2023"]
[White "Dardha, Daniel"]
[Black "Mosadeghpour, Masoud"]
[WhiteFideId "240990"]
[BlackFideId "12519278"]
[WhiteElo "2631"]
[BlackElo "2472"]
[Result "0-1"]
[Round "11"]
[TimeControl "180+2"]
[Date "2023.01.03"]
[WhiteClock "0:00:05"]
[BlackClock "0:00:28"]

1. d4 Nf6 2. Bg5 d5 3. e3 Nbd7 4. Nd2 e6 5. f4 c5 6. c3 Be7 7. Bd3 Qc7 8. Ngf3 c4 9. Bc2 b5 10. a3 a5 11. e4 dxe4 12. Nxe4 Bb7 13. Qe2 b4 14. axb4 axb4 15. Rxa8+ Bxa8 16. O-O O-O 17. Ne5 Nxe5 18. Bxf6 Ng6 19. Bxe7 Nxe7 20. Qh5 h6 21. Qc5 Qxc5 22. dxc5 bxc3 23. bxc3 Rc8 24. Ra1 Bxe4 25. Bxe4 Rxc5 26. Ra7 Kf8 27. Kf2 g6 28. Ke3 Nc8 29. Ra8 Ke7 30. Kd4 Rc7 31. Rb8 Nd6 32. g4 Rd7 33. Bc6 Rc7 34. Kc5 Ra7 35. Rb6 Ra3 36. Kd4 Ra2 37. Rb4 Rxh2 38. Bf3 Rf2 39. Ke3 Rc2 40. Kd4 Rd2+ 41. Kc5 Rd3 42. Bc6 Rxc3 43. Ra4 Rd3 44. g5 hxg5 45. fxg5 c3 46. Ra2 Rd2 47. Ra3 c2 48. Rc3 e5 49. Kb4 e4 50. Kb3 Ke6 51. Ba4 Kf5 52. Kb2 Kxg5 53. Bxc2 Kf4 54. Kc1 Rd4 55. Rc7 f5 56. Rg7 g5 57. Kb2 e3 58. Kc3 Rd5 59. Bb3 Ne4+ 60. Kb2 Rd2+ 61. Ka3 Rd3 62. Kb4 Rxb3+ 63. Kxb3 e2 64. Rc7 e1=Q 65. Ka2 Qa5+ 66. Kb1 Qxc7 67. Ka2 Qb6 68. Ka1 Nd2 0-1


[Site "https://www.chess.com"]

[Event "Titled Tuesday Blitz January 03 Late 2023"]
[White "Deac, Bogdan-Daniel"]
[Black "Xiong, Jeffery"]
[WhiteFideId "1226380"]
[BlackFideId "2047640"]
[WhiteElo "2700"]
[BlackElo "2692"]
[Result "0-1"]
[Round "11"]
[TimeControl "180+2"]
[Date "2023.01.03"]
[WhiteClock "0:00:38"]
[BlackClock "0:00:54"]

1. d4 e6 2. Nf3 d5 3. c4 dxc4 4. e3 a6 5. Bxc4 c5 6. O-O Nc6 7. Nc3 b5 8. Bb3 Nf6 9. dxc5 Bxc5 10. Qe2 O-O 11. Rd1 Qc7 12. Bd2 Bb7 13. Rac1 Bd6 14. h3 Rac8 15. e4 h6 16. a3 Qb8 17. Be3 Ne5 18. Nd4 Nc4 19. Bxc4 Rxc4 20. f3 Rfc8 21. Qe1 Nh5 22. Nde2 Bh2+ 23. Kh1 Be5 24. Qd2 a5 25. b3 Ng3+ 26. Nxg3 Rxc3 27. Rxc3 Bxc3 28. Qd3 Qxg3 0-1


[Site "https://www.chess.com"]

[Event "Titled Tuesday Blitz January 03 Late 2023"]
[White "Martinez Alcantara, Jose Eduardo"]
[Black "Keymer, Vincent"]
[WhiteFideId "3805662"]
[BlackFideId "12940690"]
[WhiteElo "2619"]
[BlackElo "2700"]
[Result "1-0"]
[Round "11"]
[TimeControl "180+2"]
[Date "2023.01.03"]
[WhiteClock "0:00:05"]
[BlackClock "0:00:01"]

1. e4 c6 2. d4 d5 3. e5 Bf5 4. h4 h6 5. Bd3 Bxd3 6. Qxd3 e6 7. Be3 Qa5+ 8. Nd2 Ne7 9. h5 c5 10. c3 Nbc6 11. Ngf3 Nf5 12. g4 cxd4 13. gxf5 dxe3 14. fxe3 O-O-O 15. fxe6 fxe6 16. Qg6 Kb8 17. Qxe6 Qb6 18. O-O-O Bc5 19. Kb1 Bxe3 20. Nb3 Rhf8 21. Rhf1 Qb5 22. Qg4 Rf4 23. Qg2 Rdf8 24. e6 Qc4 25. Nh2 Rxf1 26. Nxf1 Bg5 27. Nfd2 Qd3+ 28. Ka1 Re8 29. Re1 d4 30. Ne4 dxc3 31. Nxc3 Nb4 32. Rd1 Nc2+ 33. Kb1 1-0


[Site "https://www.chess.com"]

[Event "Titled Tuesday Blitz January 03 Late 2023"]
[White "Carlsen, Magnus"]
[Black "Jobava, Baadur"]
[WhiteFideId "1503014"]
[BlackFideId "13601520"]
[WhiteElo "2853"]
[BlackElo "2578"]
[Result "1-0"]
[Round "11"]
[TimeControl "180+2"]
[Date "2023.01.03"]
[WhiteClock "0:00:38"]
[BlackClock "0:00:13"]

1. h4 d5 2. d4 c5 3. e3 Nc6 4. c4 cxd4 5. exd4 Nf6 6. Nc3 e6 7. Nf3 Be7 8. Bd3 dxc4 9. Bxc4 O-O 10. O-O b6 11. Re1 Bb7 12. a3 h6 13. Ba2 Re8 14. Qd3 Bd6 15. Ne4 Nxe4 16. Qxe4 Na5 17. Qg4 Bxf3 18. gxf3 Qf6 19. Bd2 Rad8 20. Bc3 Qf4 21. Qxf4 Bxf4 22. Re4 Bd6 23. d5 e5 24. Rae1 Nb7 25. f4 Nc5 26. fxe5 Nxe4 27. Rxe4 Rc8 28. f4 Bxa3 29. Kf2 g6 30. Kf3 b5 31. d6 Red8 32. Ba5 Bc5 33. Bxd8 Rxd8 34. h5 gxh5 35. Re2 Bxd6 36. exd6 Rxd6 37. Re7 Rf6 38. Rxa7 Kg7 39. Rb7 Rf5 40. Bb1 Rc5 41. Bd3 h4 42. Rxb5 Rc1 43. Rh5 Rh1 44. b4 Rh3+ 45. Ke2 Rh2+ 46. Ke3 Rh3+ 47. Kd4 Rh1 48. b5 h3 49. b6 h2 50. b7 Re1 51. b8=Q h1=Q 52. Rxh1 Rxh1 53. Qe5+ Kg8 54. Qe8+ Kg7 55. Bc4 Rd1+ 56. Kc5 1-0


[Site "https://www.chess.com"]

[Event "Titled Tuesday Blitz January 03 Late 2023"]
[White "Kuznetsov, Felix"]
[Black "Chigaev, Maksim"]
[WhiteFideId "34147990"]
[BlackFideId "4108116"]
[WhiteElo "2254"]
[BlackElo "2628"]
[Result "0-1"]
[Round "11"]
[TimeControl "180+2"]
[Date "2023.01.03"]
[WhiteClock "0:00:06"]
[BlackClock "0:00:09"]

1. e4 e6 2. d4 d5 3. Nd2 c5 4. Ngf3 cxd4 5. exd5 Qxd5 6. Bc4 Qd7 7. O-O Nc6 8. Nb3 Nf6 9. Nbxd4 Nxd4 10. Nxd4 a6 11. Re1 b5 12. Bb3 Bb7 13. Bg5 Ne4 14. Be3 Nc5 15. Qh5 Nxb3 16. axb3 Qd5 17. Qh3 Bb4 18. c3 Be7 19. Rad1 O-O 20. Bf4 Rad8 21. Re5 Qxb3 22. Rde1 Rxd4 23. cxd4 Qxh3 24. gxh3 Bd6 25. Rxb5 axb5 26. Bxd6 Rd8 27. Bc5 h6 28. Ra1 e5 29. dxe5 Rd3 30. b4 Bd5 31. h4 Kh7 32. Be3 Rb3 33. Bc5 Kg6 34. Kf1 Rh3 35. Ke2 Rxh4 36. Bd6 Kf5 37. Ra3 Bc4+ 38. Ke1 Rxh2 39. Rg3 g5 40. Rf3+ Kg4 41. Rf6 Be6 42. Kd2 h5 43. Ke3 Rh1 44. Rh6 Re1+ 45. Kd2 Re4 46. Rf6 Rf4 47. Rxf4+ Kxf4 48. Be7 h4 49. Ke1 h3 50. Kf1 g4 51. Kg1 Kxe5 52. Bc5 Kf4 53. Kh2 f5 54. Bd6+ Kf3 55. Bc5 f4 56. Bd6 Ke4 57. Bc7 Bc4 58. Bb8 Bf1 59. Bc7 Bg2 60. Bb8 Kf5 61. Bc7 Bf1 62. Bb8 Bc4 63. Bc7 Ke4 64. Bb8 g3+ 65. fxg3 f3 66. Ba7 Be6 67. Bf2 Kd3 68. g4 Ke2 69. Bc5 f2 70. Bxf2 Kxf2 71. Kxh3 Kf3 72. Kh4 Bxg4 73. Kg5 Be6 74. Kf6 Bc4 75. Ke5 Ke3 0-1


[Site "https://www.chess.com"]

[Event "Titled Tuesday Blitz January 03 Late 2023"]
[White "Shimanov, Aleksandr"]
[Black "Aradhya, Garg"]
[WhiteFideId "4198603"]
[BlackFideId "25006746"]
[WhiteElo "2581"]
[BlackElo "2284"]
[Result "1/2-1/2"]
[Round "11"]
[TimeControl "180+2"]
[Date "2023.01.03"]
[WhiteClock "0:00:25"]
[BlackClock "0:00:18"]

1. e4 e5 2. Nf3 Nc6 3. Nc3 Nf6 4. h3 d5 5. exd5 Nxd5 6. Bb5 Nxc3 7. bxc3 Bd6 8. O-O O-O 9. Re1 Qf6 10. d4 exd4 11. cxd4 Bf5 12. c3 h6 13. Be3 Ne7 14. c4 c6 15. Ba4 Ng6 16. Bc2 Rae8 17. a4 Re7 18. Qb1 Bxh3 19. d5 Bg4 20. Bd4 Qf4 21. Be3 Qxc4 22. Bxg6 fxg6 23. Qxg6 Rf6 24. Nd2 Rxg6 25. Nxc4 cxd5 26. Nxd6 Rxd6 27. Bd4 Rxe1+ 28. Rxe1 b6 29. f3 Re6 30. Rc1 Bh5 31. Rc7 Bf7 32. Rxa7 g5 33. Kf2 h5 34. Ra6 b5 35. axb5 Rxa6 36. bxa6 Be8 37. a7 Bc6 38. g4 hxg4 39. fxg4 Kf7 40. Ke3 Ke6 41. Kd3 Kd7 42. Bf6 Kc8 43. Bxg5 Kb7 44. Be3 Bd7 45. g5 Bf5+ 46. Kc3 Be4 47. Bd4 Ka8 48. Kd2 Bf5 49. Ke3 Be4 50. Kf4 Bb1 51. Ke5 Be4 52. Ke6 Kb7 53. Kd6 Ka8 54. Kc7 Bd3 55. Kb6 Be4 56. Kc6 Bd3 57. Bc5 Be4 58. Bd4 Bd3 59. Kd6 Bc2 60. Ke6 Be4 61. Kf6 Bd3 62. Be3 d4 63. Bxd4 Bc2 64. Ke7 Bd3 65. Kd8 Bc2 66. Kc7 Bb1 67. Kb6 Bc2 68. Ka5 Bb1 69. Kb4 Bg6 70. Kc3 Be8 71. Kd2 Bg6 72. Ke1 Be8 73. Kf2 Bg6 74. Kg3 Be8 75. Kh4 Bg6 76. Kg4 Bh7 77. Kh5 Bb1 78. Kh6 Bc2 79. Kg7 Bd3 80. Kf6 Bc2 81. Kf7 Bd3 82. Kf6 1/2-1/2


[Site "https://www.chess.com"]

[Event "Titled Tuesday Blitz January 03 Late 2023"]
[White "Bryakin, Mikhail"]
[Black "Zierk, Steven"]
[WhiteFideId "4165314"]
[BlackFideId "2034255"]
[WhiteElo "2455"]
[BlackElo "2488"]
[Result "0-1"]
[Round "11"]
[TimeControl "180+2"]
[Date "2023.01.03"]
[WhiteClock "0:00:55"]
[BlackClock "0:00:46"]

1. b3 d5 2. Bb2 Bf5 3. f3 Nf6 4. g4 Bg6 5. Nh3 e6 6. Nf4 Nxg4 7. h4 Bd6 8. e3 Bxf4 9. exf4 Nf6 10. Qe2 Nbd7 11. Nc3 Nh5 12. Qh2 Qf6 13. f5 Qxf5 14. Qxc7 Qe5+ 15. Qxe5 Nxe5 16. Bb5+ Nc6 17. Ne2 O-O 18. Bxc6 bxc6 19. d3 c5 20. Kf2 c4 21. dxc4 dxc4 22. Bd4 Bxc2 23. bxc4 Bd3 24. Rhc1 Rfd8 25. Be3 Rac8 26. c5 Nf6 27. Nf4 Bb5 28. Rd1 e5 29. Rxd8+ Rxd8 30. Ne2 Nd5 31. Rd1 Bxe2 32. Rxd5 Rxd5 33. Kxe2 Kf8 34. c6 Ke8 35. Bxa7 Ra5 36. Bb8 Rxa2+ 37. Ke3 f6 38. Bd6 Ra4 39. c7 Kd7 40. Bf8 Kxc7 41. Bxg7 Rf4 42. h5 Kd7 43. h6 Ke6 44. Bf8 Ra4 45. Bg7 f5 0-1


[Site "https://www.chess.com"]

[Event "Titled Tuesday Blitz January 03 Late 2023"]
[White "Jaracz, Pawel"]
[Black "Kravtsiv, Martyn"]
[WhiteFideId "1102222"]
[BlackFideId "14113147"]
[WhiteElo "2467"]
[BlackElo "2598"]
[Result "0-1"]
[Round "11"]
[TimeControl "180+2"]
[Date "2023.01.03"]
[WhiteClock "0:00:01"]
[BlackClock "0:00:03"]

1. d4 d5 2. c4 e6 3. Nf3 Nf6 4. e3 Be7 5. Nc3 O-O 6. Bd2 b6 7. cxd5 exd5 8. Bd3 c5 9. O-O Nc6 10. Ne2 c4 11. Bc2 b5 12. Ne5 Bb7 13. Ng3 g6 14. f4 Bd6 15. b3 a6 16. h3 Rc8 17. Kh2 Bb8 18. Rb1 Ba8 19. a4 b4 20. Nxc6 Bxc6 21. Bxb4 Re8 22. Qf3 Qd7 23. a5 Bb5 24. Rf2 h5 25. Bc5 h4 26. Ne2 cxb3 27. Rxb3 Ne4 28. Bxe4 dxe4 29. Qg4 Qxg4 30. hxg4 g5 31. Kh3 Bc4 32. Rb6 Bc7 33. Rh6 gxf4 34. Nxf4 Bxa5 35. Nh5 Bd8 36. Nf6+ Bxf6 37. Rhxf6 a5 38. R2f5 Kg7 39. Bd6 Re6 40. Be5 Rxf6 41. Rxf6 Kg8 42. Rh6 f6 43. Bxf6 Kf7 44. Be5 Ra8 45. g5 a4 46. g6+ Ke7 47. Rh7+ Ke6 48. g7 Kf5 49. Rh8 Bg8 50. Rh5+ Kg6 51. Rxh4 a3 52. d5 Bxd5 53. Rf4 a2 0-1


[Site "https://www.chess.com"]

[Event "Titled Tuesday Blitz January 03 Late 2023"]
[White "Nakamura, Hikaru"]
[Black "Yanchenko, Roman"]
[WhiteFideId "2016192"]
[BlackFideId "4137329"]
[WhiteElo "2775"]
[BlackElo "2466"]
[Result "1-0"]
[Round "11"]
[TimeControl "180+2"]
[Date "2023.01.03"]
[WhiteClock "0:00:17"]
[BlackClock "0:00:09"]

1. Nf3 d5 2. g3 Nf6 3. Bg2 g6 4. d3 Bg7 5. Bd2 Nbd7 6. Qc1 h6 7. c4 c6 8. cxd5 cxd5 9. Nc3 a6 10. O-O e5 11. Ne1 Nb6 12. a4 Be6 13. a5 Nbd7 14. Nc2 Qe7 15. d4 e4 16. Na4 Rc8 17. Qd1 Qd8 18. Bb4 Bf8 19. Bxf8 Kxf8 20. b4 h5 21. Nc5 h4 22. Nxb7 Qe7 23. Ra3 hxg3 24. fxg3 Ng4 25. h3 Nh6 26. Nc5 Nxc5 27. dxc5 Nf5 28. g4 Nh4 29. Nd4 Bxg4 30. hxg4 Nxg2 31. Kxg2 Qe5 32. Rg3 Kg7 33. Qa1 f6 34. g5 Rh5 35. Nf5+ Kh7 36. Qxe5 fxe5 37. Nd6 Rb8 38. c6 1-0


[Site "https://www.chess.com"]